 Dungeon Crawl Stone Soup version 0.22-a0-159-g7ce444f (webtiles) character file.

786 theanonym the Skirmisher (level 7, -2/56 HPs)
             Began as a Mummy Enchanter on Feb 9, 2018.
             Was an Initiate of Gozag.
             Splashed by a jelly's acid (10 damage)
             ... on level 5 of the Dungeon.
             The game lasted 00:11:32 (6361 turns).

theanonym the Skirmisher (Mummy Enchanter)          Turns: 6361, Time: 00:11:33

Health: -2/56      AC: -4    Str: 10    XL:     7   Next: 56%
Magic:  11/11      EV:  4    Int: 14    God:    Gozag
Gold:   488        SH:  0    Dex: 13    Spells: 10/11 levels left

rFire    . . .     SeeInvis .   l - +2 quarterstaff (crush)
rCold    + + .     Gourm    .   (shield currently unavailable)
rNeg     + + +     Faith    .   n - +0 chain mail (curse)
rPois    ∞         Spirit   .   (no helmet)
rElec    .         Reflect  .   i - scarf {rC+ rF+}
rCorr    .         Harm     .   (no gloves)
MR       .....                  (no boots)
Stlth    ..........             e - amulet of magic regeneration
HPRegen  0.18/turn              f - -3 ring of strength (curse)
MPRegen  0.37/turn              (no ring)

@: corroded
A: no food or potions, fire vulnerability, cold resistance 1, negative energy
resistance 3, torment resistance, unbreathing
a: Potion Petition, Call Merchant, Bribe Branch, Renounce Religion


Innate Abilities, Weirdness & Mutations

You do not eat or drink.
Your flesh is vulnerable to fire.
You are immune to poison.
Your flesh is cold resistant. (rC+)
You are immune to negative energy. (rN+++)
You are immune to unholy pain and torment.
You can survive without breathing.


   Skills:
 + Level 5.5 Fighting
 - Level 0.7 Short Blades
 * Level 5.0 Maces & Flails
 - Level 1.5 Dodging
 - Level 2.4 Stealth
 - Level 2.6 Spellcasting
 - Level 2.6 Hexes


You had 10 spell levels left.
You knew the following spells:

 Your Spells              Type           Power        Failure   Level  Hunger
a - Corona                Hex            #......      100%        1    N/A

Skill      XL: |  1  2  3  4  5  6  7 |
---------------+----------------------+-----
Fighting       | 1 2 3 4 5 |  5.5
Maces & Flails | 1 2 3 4 5 |  5.0
Short Blades   | |  0.7
Dodging        | |  1.5
Stealth        | |  2.4
Spellcasting   | |  2.6
Hexes          | |  2.6

Action                   |  1- 3 |  4- 6 |  7- 9 || total
-------------------------+-------+-------+-------++-------
Melee: Dagger            |   214 |       |       ||   214
       Quarterstaff      |     7 |   114 |    33 ||   154
       Flail             |       |   100 |       ||   100
Invok: Potion Petition   |       |     1 |       ||     1
  Use: Scroll            |       |     6 |       ||     6
 Stab: Sleeping          |     2 |       |       ||     2
       Distracted        |       |     1 |       ||     1
       Invisible         |       |       |     1 ||     1
Armor: Robe              |    17 |       |       ||    17
       Scale mail        |    78 |    18 |       ||    96
       Chain mail        |       |   106 |    12 ||   118
Dodge: Dodged            |   120 |    81 |    10 ||   211

Inventory:

Hand Weapons
 a - a +0 flail
   (You took it off an orc on level 4 of the Dungeon)
 h - a +0 club
   (You took it off a goblin on level 1 of the Dungeon)
 l - a +2 quarterstaff of crushing (weapon)
   (You took it off a hobgoblin on level 2 of the Dungeon)
 p - a +1 dagger
Armour
 b - a +0 robe
 i - a scarf of resistance (worn)
   (You found it on level 1 of the Dungeon)
 j - a +0 scale mail
   (You found it on level 1 of the Dungeon)
 n - a cursed +0 chain mail (worn)
   (You found it on level 3 of the Dungeon)
Jewellery
 e - an amulet of magic regeneration (around neck)
   (You found it on level 1 of the Dungeon)
 f - a cursed -3 ring of strength (left hand)
   (You found it on level 5 of the Dungeon)
Scrolls
 d - a scroll of immolation
 g - 2 scrolls of amnesia
 k - a scroll of fog {unknown}
 m - a scroll of enchant armour
Books
 c - a book of Maledictions


You were on level 5 of the Dungeon.
You worshipped Gozag.
Gozag was aware of your devotion.
You were not hungry.

You visited 1 branch of the dungeon, and saw 5 of its levels.

You collected 563 gold pieces.
You paid 75 gold pieces to Gozag.

Dungeon Overview and Level Annotations

Branches:
Dungeon (5/15)
 Temple: D:4-7

Altars:
Dithmenos
Gozag
Qazlal
Sif Muna
Trog
Uskayaw
Vehumet

Annotations:
D:4 exclusion: door

........).## ...........
..........# ..........#
# ..........# .#...
..........###.#...
...........#...... ##.
......$...@J...... ...
.......)((.#..####.###
##.. ##########.#..#
#... ....
$..###.#..####..#####..
...................>##..
####.##.#..####..##.##..
#.....#.#####..#......
#..##..........#......
.....................).


You could see a jelly.

Notes
Turn   | Place    | Note
-------+----------+-------------------------------------------
     0 | D:1      | theanonym the Mummy Enchanter began the quest for the Orb.
     0 | D:1      | Reached XP level 1. HP: 13/13 MP: 4/4
   103 | D:1      | Reached skill level 1 in Fighting
   280 | D:1      | Reached XP level 2. HP: 17/22 MP: 5/5
   305 | D:1      | HP: 10/22 [jackal (2)]
   312 | D:1      | HP: 8/22 [giant cockroach (2)]
   316 | D:1      | Reached skill level 2 in Fighting
  1093 | D:2      | HP: 11/23 [adder (1)]
  1098 | D:2      | HP: 9/23 [adder (2)]
  1102 | D:2      | Reached XP level 3. HP: 8/28 MP: 7/7
  1341 | D:2      | Reached skill level 1 in Maces & Flails
  1727 | D:2      | HP: 13/28 [hobgoblin (4)]
  1733 | D:2      | HP: 13/28 [rat (1)]
  1739 | D:2      | HP: 11/28 [rat (1)]
  1748 | D:2      | HP: 9/28 [hobgoblin (1)]
  1753 | D:2      | HP: 7/28 [hobgoblin (3)]
  2120 | D:2      | Reached skill level 3 in Fighting
  2156 | D:2      | Reached XP level 4. HP: 35/35 MP: 8/8
  2176 | D:2      | Found a deep blue altar of Sif Muna.
  2554 | D:3      | Found a radiant altar of Vehumet.
  2709 | D:2      | Found an opulent altar of Gozag.
  2718 | D:2      | Became a worshipper of Gozag Ym Sagoz the Greedy
  2857 | D:3      | Found a shadowy altar of Dithmenos.
  3128 | D:3      | Found a hide-covered altar of Uskayaw.
  3202 | D:3      | Noticed Jessica
  3206 | D:3      | Killed Jessica
  3206 | D:3      | Reached skill level 2 in Maces & Flails
  3471 | D:4      | Reached XP level 5. HP: 40/42 MP: 9/9
  3657 | D:4      | Reached skill level 4 in Fighting
  4022 | D:4      | HP: 16/42 [iguana (7)]
  4084 | D:4      | HP: 16/42 [iguana (9)]
  4737 | D:4      | HP: 20/42 [worm (5)]
  5121 | D:5      | Entered Level 5 of the Dungeon
  5121 | D:5      | Found a bloodstained altar of Trog.
  5121 | D:5      | Found a stormy altar of Qazlal.
  5134 | D:4      | Reached skill level 3 in Maces & Flails
  5134 | D:4      | Reached XP level 6. HP: 40/49 MP: 10/10
  5319 | D:5      | HP: 21/49 [centaur (5)]
  5369 | D:5      | HP: 23/49 [worker ant (3)]
  5456 | D:5      | Noticed DEFE's ghost (amateur DEEn)
  5545 | D:5      | Noticed Sigmund
  5735 | D:5      | HP: 15/49 [acid (11)]
  5740 | D:5      | HP: 14/49 [jelly (2)]
  5740 | D:5      | HP: 6/49 [acid (8)]
  5811 | D:4      | HP: 17/49 [acid (1)]
  5811 | D:4      | HP: 6/49 [acid (9)]
  6113 | D:5      | HP: 25/50 [Sigmund/scythe (11)]
  6115 | D:5      | Killed Sigmund
  6115 | D:5      | Reached skill level 5 in Fighting
  6115 | D:5      | Reached skill level 4 in Maces & Flails
  6115 | D:5      | Reached XP level 7. HP: 28/56 MP: 11/11
  6144 | D:5      | HP: 28/56 [DEFE's ghost (3)]
  6153 | D:5      | Killed DEFE's ghost
  6314 | D:5      | Reached skill level 5 in Maces & Flails
  6359 | D:5      | HP: 24/56 [acid (10)]
  6360 | D:5      | HP: 11/56 [acid (7)]
  6361 | D:5      | Splashed by a jelly's acid

Vanquished Creatures
  The ghost of DEFE the Cutter, an amateur DEEn (D:5)
  Sigmund (D:5)
  A centaur (D:5)
  A jelly (D:4)
  A hound (D:4)
  2 orc wizards
  Jessica (D:3)
  4 worker ants
  2 worker ant zombies (D:5)
  6 adders
  An ooze (D:1)
  2 worms
  3 leopard geckos
  7 orcs
  5 giant cockroaches
  5 goblins
  5 hobgoblins
  3 jackals (D:1)
  3 quokkas
  5 ball pythons
  6 bats
  A frilled lizard (D:2)
  A jackal skeleton (D:4)
  5 kobolds
  27 rats
99 creatures vanquished.

Table legend:
 A = Turns spent in this place as a percentage of turns spent in the entire game.
 B = Non-inter-level travel turns spent in this place as a percentage of non-inter-level travel turns spent in the entire game.
 C = Inter-level travel turns spent in this place as a percentage of turns spent in this place.
 D = Turns resting spent in this place as a percentage of non-inter-level travel turns spent in this place.
 E = Turns spent auto-exploring this place as a percentage of non-inter-level travel turns spent in this place.
 F = Non-inter-level travel turns spent in this place divided by the number of levels of this place that you've seen.
                   A       B       C       D       E      F
               +-------+-------+-------+-------+-------+----------------------
         Total | 100.0 | 100.0 |   7.1 |  48.8 |  32.5 | 1182.4
       Dungeon | 100.0 | 100.0 |   7.1 |  48.8 |  32.5 | 1182.4
               +-------+-------+-------+-------+-------+----------------------
